 Dungeon Crawl Stone Soup version 0.31.0-32-g396128a36d (webtiles) character file.

Game seed: 10435971336414288403

763 spaghetti the Caller (level 7, 0/76 HPs)
             Began as a Gnoll Summoner on Mar 12, 2024.
             Slain by an orc wizard
             ... wielding a +0 dagger
              (3 damage)
             ... on level 4 of the Dungeon.
             The game lasted 00:05:38 (4029 turns).

spaghetti the Caller (Gnoll Summoner)               Turns: 4029, Time: 00:05:39

Health: 0/76       AC: 23    Str:  7    XL:     7   Next: 81%
Magic:  2/15       EV:  2    Int: 16    God:
Gold:   109        SH:  0    Dex: 13    Spells: 7/17 levels left

rFire   . . .        n - +2 whip (flame)
rCold   . . .        (no shield)
rNeg    . . .        a - melded +0 robe
rPois   +            (helmet currently unavailable)
rElec   .            m - melded +2 cloak
rCorr   +            (gloves currently unavailable)
SInv    .            (boots currently unavailable)
Will    .....        h - amulet of the acrobat
Stlth   +++          d - ring of resist corrosion
HPRegen 0.32/turn    f - +5 ring of evasion
MPRegen 0.14/turn

%: acrobat
@: mighty, brilliant, tree-form
A: stationary, stasis, torment immunity, boosted hp, (fangs 1), strong nose,
distributed training
a: no special abilities


You were on level 4 of the Dungeon.
You were a tree.
You visited 1 branch of the dungeon, and saw 4 of its levels.

You collected 109 gold pieces.

Inventory:

Hand Weapons
 n - a +2 whip of flaming (weapon)
Armour
 a - a +0 robe (melded)
 m - a +2 cloak (melded)
Jewellery
 d - a ring of resist corrosion (left branch)
 f - a +5 ring of evasion (right branch)
 h - an amulet of the acrobat (around neck)
Wands
 g - a wand of paralysis (5)
 j - a wand of flame (16)
Scrolls
 c - a scroll of teleportation
Potions
 b - a potion of magic
 e - a potion of might
 i - a potion of enlightenment


   Skills:
 + Level 2.8 Fighting
 + Level 2.8 Short Blades
 + Level 2.8 Long Blades
 + Level 2.8 Axes
 + Level 2.8 Maces & Flails
 + Level 2.8 Polearms
 + Level 2.8 Staves
 + Level 2.8 Ranged Weapons
 + Level 2.8 Throwing
 + Level 2.8 Armour
 + Level 5.4 Dodging
 + Level 5.1 Stealth
 + Level 2.8 Shields
 + Level 2.8 Unarmed Combat
 + Level 5.8 Spellcasting
 + Level 2.3 Conjurations
 + Level 2.3 Hexes
 + Level 7.5 Summonings
 + Level 2.3 Necromancy
 + Level 2.3 Translocations
 + Level 2.3 Fire Magic
 + Level 2.3 Ice Magic
 + Level 2.3 Air Magic
 + Level 2.3 Earth Magic
 + Level 2.3 Alchemy
 + Level 3.1 Invocations
 + Level 2.8 Evocations
 + Level 2.5 Shapeshifting


You had 7 spell levels left.
You knew the following spells:

 Your Spells              Type           Power      Damage    Failure   Level
a - Summon Small Mammal   Summ           100%       N/A       1%          1
b - Call Imp              Summ           86%        N/A       1%          2
c - Call Canine Familiar  Summ           43%        N/A       1%          3
d - Summon Blazeheart Go  Fire/Summ      30%        N/A       19%         4

Your spell library contained the following spells:

 Spells                   Type           Power      Damage    Failure   Level
 Summon Lightning Spire   Summ/Air       30%        N/A       19%         4


Dungeon Overview and Level Annotations

Branches:
Dungeon (4/15)
 Temple: D:4-7

Altars:
Elyvilon
Hepliaklqana
Makhleb
Okawaru
Wu Jian
Xom


Innate Abilities, Weirdness & Mutations

You are a tree.
Your roots penetrate the ground, keeping you stationary.
You cannot be teleported.
You are immune to unholy pain and torment.
Your maximum health is greatly increased.
Your equipment is partially melded.
((You have very sharp teeth.))
Your uncanny sense of smell can sniff out nearby items.
Your experience applies equally to all skills.


Message History

The orc wizard flickers and vanishes!
You whack the nameless horror! You burn the nameless horror.
The nameless horror is almost destroyed.
Your inugami closely misses something.
The nameless horror hits you.
* * * LOW HITPOINT WARNING * * *
Your inugami closely misses something.
Things that are here:
a +0 rapier; a +3 leather armour of fire resistance; the human corpse of Eustachio It was a potion of lignification.
You turn into a tree.
Your +2 cloak melds into your body.
Your +0 robe melds into your body.
Your roots penetrate the ground.
Your inugami hits the adder.
Send 'em back where they came from!
Your inugami disappears in a puff of smoke!
It was a potion of brilliance.
You feel clever all of a sudden. The nameless horror hits you.
* * * LOW HITPOINT WARNING * * *
You hit the nameless horror but do no damage.
The nameless horror is almost destroyed.
The nameless horror hits you but does no damage.
You barely miss the nameless horror.
The nameless horror is almost destroyed.
The nameless horror hits you but does no damage.
You whack the nameless horror! You burn the nameless horror.
You destroy the nameless horror!
That felt strangely unrewarding.
You miss the adder.
The adder is heavily wounded.
The adder barely misses you.
You miss the adder.
The adder is heavily wounded.
The adder bites you but does no damage.
You completely miss the adder.
The adder is heavily wounded.
The adder bites you but does no damage.
You hit the adder. You burn the adder.
You kill the adder!
You cannot move.
You whack something! You burn something. Something hits you.
You die...

####################
................♣{{#
.#################.#
.#### ..#
....######## ..#
............ ..#
............ ..#
............ ...
............ ...
.###........


There were no monsters in sight!

Vanquished Creatures
  A nameless horror (D:4)
  Eustachio (D:4)
  3 adders
  A dart slug (D:1)
  An endoplasm (D:2)
  A goblin (D:1)
  2 hobgoblins
  A quokka (D:3)
  5 ball pythons
  3 bats
  3 frilled lizards
  2 kobolds
24 creatures vanquished.

Vanquished Creatures (collateral kills)
  Pikel (D:4)
  A hound (D:4)
  A bombardier beetle (D:3)
  3 adders
  A dart slug (D:1)
  An orc (D:3)
  3 bats
  3 endoplasms
  A giant cockroach (D:3)
  A goblin (D:4)
  4 hobgoblins (D:1)
  3 quokkas (D:1)
  2 ball pythons (D:1)
  5 kobolds
  A rat (D:1)
31 creatures vanquished.

Vanquished Creatures (others)
  A blazeheart core (D:4)
1 creature vanquished.

Grand Total: 56 creatures vanquished

Notes
Turn   | Place    | Note
-------+----------+-------------------------------------------
     0 | D:1      | spaghetti the Gnoll Summoner began the quest for the Orb.
     0 | D:1      | Reached XP level 1. HP: 13/13 MP: 6/6
   244 | D:1      | Reached XP level 2. HP: 6/19 MP: 3/7
   284 | D:1      | Learned a level 2 spell: Call Imp
   799 | D:1      | Reached skill level 5 in Spellcasting
   799 | D:1      | Reached XP level 3. HP: 19/25 MP: 3/9
   803 | D:1      | Learned a level 3 spell: Call Canine Familiar
  1521 | D:2      | Reached skill level 1 in Invocations
  1596 | D:2      | Reached skill level 1 in Fighting
  1596 | D:2      | Reached skill level 1 in Short Blades
  1596 | D:2      | Reached skill level 1 in Long Blades
  1596 | D:2      | Reached skill level 1 in Axes
  1596 | D:2      | Reached skill level 1 in Maces & Flails
  1596 | D:2      | Reached skill level 1 in Polearms
  1596 | D:2      | Reached skill level 1 in Staves
  1596 | D:2      | Reached skill level 1 in Ranged Weapons
  1596 | D:2      | Reached skill level 1 in Throwing
  1596 | D:2      | Reached skill level 1 in Armour
  1596 | D:2      | Reached skill level 1 in Shields
  1596 | D:2      | Reached skill level 1 in Unarmed Combat
  1596 | D:2      | Reached skill level 1 in Evocations
  2028 | D:2      | Found a burning altar of Makhleb.
  2157 | D:2      | Reached skill level 1 in Shapeshifting
  2157 | D:2      | Reached XP level 4. HP: 29/32 MP: 4/11
  2229 | D:2      | You fall into a shaft and drop 1 floor!
  2437 | D:3      | Found a white marble altar of Elyvilon.
  2437 | D:3      | Found an iron altar of Okawaru.
  2622 | D:3      | Found an ornate altar of the Wu Jian Council.
  2982 | D:3      | HP: 1/32 [burnt (4)]
  2995 | D:3      | Reached skill level 1 in Conjurations
  2995 | D:3      | Reached skill level 1 in Hexes
  2995 | D:3      | Reached skill level 1 in Necromancy
  2995 | D:3      | Reached skill level 1 in Translocations
  2995 | D:3      | Reached skill level 1 in Fire Magic
  2995 | D:3      | Reached skill level 1 in Ice Magic
  2995 | D:3      | Reached skill level 1 in Air Magic
  2995 | D:3      | Reached skill level 1 in Earth Magic
  2995 | D:3      | Reached skill level 1 in Alchemy
  3001 | D:3      | Learned a level 4 spell: Summon Blazeheart Golem
  3483 | D:4      | Reached XP level 5. HP: 35/37 MP: 7/12
  3522 | D:4      | Noticed a hornet
  3599 | D:4      | Noticed Pikel
  3606 | D:4      | Noticed a lemure
  3609 | D:4      | Noticed a lemure
  3609 | D:4      | Noticed a lemure
  3612 | D:4      | Noticed a lemure
  3618 | D:4      | Killed Pikel
  3619 | D:4      | Reached skill level 5 in Dodging
  3619 | D:4      | Reached XP level 6. HP: 46/46 MP: 0/14
  3619 | D:4      | Reached XP level 7. HP: 51/51 MP: 0/15
  3708 | D:4      | Reached skill level 5 in Stealth
  3811 | D:4      | Found a shimmering altar of Xom.
  3812 | D:4      | Found a hazy altar of Hepliaklqana.
  3813 | D:4      | Noticed a spectral ugly thing
  3985 | D:4      | Noticed Eustachio
  3988 | D:4      | Noticed a nameless horror
  4015 | D:4      | Killed Eustachio
  4018 | D:4      | HP: 2/51 [nameless horror[miscasting Summon Blazeheart
                  | Golem] (6)]
  4024 | D:4      | Killed a nameless horror
  4029 | D:4      | Slain by an orc wizard

Illustrated notes

Levels and vault maps discovered:
D:1:      ncdulo_lavacross, layout_basic, minmay_tetromino_i4
D:2:      layout_loops_ring, basic_altar, kennysheep_generic_room_6
D:3:      layout_basic, nicolae_wu_jian_wuxing_cycle,
          gammafunk_temple_overflow_statue, minmay_stone_trees_small,
          minmay_misc_feat_x
D:4:      layout_basic, regret_index_temple_of_mockery,
          minmay_temple_entry_arrows, portal_sewer_entry_b,
          lightli_corner_chamber, uniq_pikel, uniq_eustachio

Skill      XL: |  1  2  3  4  5  6  7 |
---------------+----------------------+-----
Spellcasting   | 5 |  5.8
Invocations    | 1 2 3 |  3.1
Fighting       | 1 2 |  2.8
Short Blades   | 1 2 |  2.8
Long Blades    | 1 2 |  2.8
Axes           | 1 2 |  2.8
Maces & Flails | 1 2 |  2.8
Polearms       | 1 2 |  2.8
Staves         | 1 2 |  2.8
Ranged Weapons | 1 2 |  2.8
Throwing       | 1 2 |  2.8
Armour         | 1 2 |  2.8
Shields        | 1 2 |  2.8
Unarmed Combat | 1 2 |  2.8
Evocations     | 1 2 |  2.8
Shapeshifting  | 1 2 |  2.5
Conjurations   | 1 2 |  2.3
Hexes          | 1 2 |  2.3
Necromancy     | 1 2 |  2.3
Translocations | 1 2 |  2.3
Fire Magic     | 1 2 |  2.3
Ice Magic      | 1 2 |  2.3
Air Magic      | 1 2 |  2.3
Earth Magic    | 1 2 |  2.3
Alchemy        | 1 2 |  2.3
Dodging        | 5 |  5.4
Stealth        | 5 |  5.1
Summonings     | |  7.5

Action                     |  1- 3 |  4- 6 |  7- 9 || total
---------------------------+-------+-------+-------++-------
  Melee: Unarmed           |    83 |    47 |     1 ||   131
         Bite              |     9 |     1 |     9 ||    19
         Whip              |       |       |    43 ||    43
   Cast: Summon Small Mamm |    36 |     8 |     1 ||    45
         Call Imp          |    20 |    13 |     4 ||    37
         Call Canine Famil |    11 |    12 |     5 ||    28
         Summon Blazeheart |       |     1 |       ||     1
    Use: Scroll            |     4 |     1 |     1 ||     6
         Potion            |     5 |     2 |     3 ||    10
   Stab: Sleeping          |     1 |       |       ||     1
 Armour: Robe              |    69 |    10 |    18 ||    97
         Skin              |       |       |     6 ||     6
  Dodge: Dodged            |   104 |    32 |    28 ||   164
